AoeStats
← IsraDguez

Four Lakes

509433256Analyzed
1v1 RM · 7d ago on Sep 26, 2026· 53m 54s· 2 players
Game mode
Random Map
Map size
Tiny (2 player)
Population
200
Speed
Normal
Resources
Standard
Victory
Conquest
Starting age
Dark Age
Ending age
Imperial Age
RankedLock teamsTeams togetherTeam positionsShared explorationLock speedFull tech treeHidden civsTurbo modeCheats
Victory
Defeat
🇲🇽 Maya · Mexico
847
+14
🇦🇷 Persians · Argentina
814
-14
mapaori01
7:36 Loom
11:04 Feudal Age
11:50 Double-Bit Axe
11:48 Horse Collar
13:24 Man-at-Arms
17:25 Scale Mail Armor
20:19 Castle Age
20:14 Elite Skirmisher
21:55 Husbandry
28:42 Wheelbarrow
32:46 Heavy Plow
33:41 Bloodlines
34:44 Thumb Ring
35:22 Bow Saw
36:40 Padded Archer Armor
36:31 Fletching
36:48 Scale Barding Armor
36:54 Forging
38:32 Leather Archer Armor
38:12 Bodkin Arrow
41:40 Imperial Age
40:10 Murder Holes
40:35 Ballistics
40:39 Chain Barding Armor
42:20 Conscription
53:52 Kamandaran
IsraDguez
0:39 Loom
10:17 Feudal Age
12:01 Scale Mail Armor
16:06 Fletching
21:51 Castle Age
19:44 Gold Mining
21:52 Double-Bit Axe
22:38 Pikeman
23:18 Squires
23:08 Crossbowman
25:11 Chain Mail Armor
28:43 Wheelbarrow
27:43 Eagle Warrior
29:12 Forging
30:36 Arson
32:20 Hand Cart
36:46 Imperial Age
37:02 Capped Ram
38:47 Ballistics
39:27 Chemistry
40:21 Elite Eagle Warrior
41:05 Siege Ram
42:56 Conscription
50:48 Holcans
Connection lost

Rejoining the realm…

Still unreachable

The connection could not be restored.

Session expired

The server has moved on; the page needs a fresh start.